 Dungeon Crawl Stone Soup version 0.30.0-10-gfe55d96785 (webtiles) character file.

Game seed: 4736972529165714474

4424 qw the Cleaver (level 10, -5/64 HPs)
             Began as a Gargoyle Cinder Acolyte on May 17, 2023.
             Was a Believer of Ignis.
             Slain by a two-headed ogre
             ... wielding a +1 dire flail of protection
              (12 damage)
             ... on level 8 of the Dungeon.
             The game lasted 00:04:36 (9621 turns).

qw the Cleaver (Gargoyle Cinder Acolyte)            Turns: 9621, Time: 00:04:36

Health: -5/64      AC: 23    Str: 22    XL:     10   Next: 36%
Magic:  11/11      EV:  7    Int: 15    God:    Ignis [**....]
Gold:   88         SH:  0    Dex:  8    Spells: 11/11 levels left

rFire   + + .        Y - +1 broad axe
rCold   + . .        (no shield)
rNeg    + . .        d - +0 plate armour {rC+}
rPois   inf          (no helmet)
rElec   +            (no cloak)
rCorr   .            c - +2 pair of gloves {Dex+3}
SInv    +            (no boots)
Will    .....        e - amulet of the acrobat Stlth
                     p - ring of protection from fire
HPRegen 0.30/turn    i - ring of see invisible
MPRegen 0.12/turn

%: acrobat
@: about to teleport
A: sickness immunity, AC +7, negative energy resistance 1, electricity
resistance, torment resistance 1, petrification resistance
a: Renounce Religion, Fiery Armour, Foxfire Swarm, Rising Flame


You were on level 8 of the Dungeon.
You worshipped Ignis.
Ignis was pleased with you.
You visited 1 branch of the dungeon, and saw 8 of its levels.

You collected 434 gold pieces.
You spent 346 gold pieces at shops.


Innate Abilities, Weirdness & Mutations

You are immune to sickness and miasma.
Your stone body is resilient. (AC +7)
You are immune to poison.
You resist negative energy. (rN+)
You are resistant to electric shocks. (rElec)
You are resistant to unholy torment.
You are immune to petrification.


   Skills:
 - Level 8.1 Fighting
 + Level 10.9 Axes
 - Level 1.7 Throwing
 - Level 6.2 Armour
 - Level 1.0 Dodging
 - Level 1.0 Spellcasting
 - Level 3.0 Fire Magic


You had 11 spell levels left.
You didn't know any spells.
Your spell library contained the following spells:

 Spells                   Type           Power      Damage    Failure   Level
 Scorch                   Fire           18%        2d5       88%         2

Inventory:

Hand Weapons
 q - a +3 morningstar
 Y - a +1 broad axe (weapon)
Missiles
 f - 4 boomerangs (quivered)
Armour
 b - a scarf of shadows
 c - a +2 pair of gloves of dexterity (worn)
 d - a +0 plate armour of cold resistance (worn)
Jewellery
 a - a ring of willpower
 e - an amulet of the acrobat (around neck)
 i - a ring of see invisible (right hand)
 p - a ring of protection from fire (left hand)
Scrolls
 j - a scroll of blinking {unknown}
 r - 2 scrolls of identify
Potions
 h - 3 potions of curing
 l - a potion of might
 m - a potion of mutation
 n - 2 potions of resistance

Dungeon Overview and Level Annotations

Branches:
Dungeon (8/15)             Temple (0/1) D:4            Lair (0/5) D:8

Altars:
Cheibriados
Hepliaklqana
Okawaru
Qazlal
Trog
Zin

Shops:
D:4 ?   D:7 [?(*[


Message History

a +0 dagger; a +0 dagger; a +0 robe A two-headed ogre is nearby!
9610 ||| Stepping ~*~*~tactically~*~*~ (stealth).
You see here a +0 short sword.
The two-headed ogre shouts in stereo!
Things that are here:
a +0 dagger; a +0 dagger; a +0 robe You throw a boomerang.
The boomerang hits the two-headed ogre.
The two-headed ogre is lightly wounded.
You throw a boomerang.
The boomerang hits the two-headed ogre but does no damage.
The two-headed ogre is lightly wounded.
You throw a boomerang. The boomerang hits the two-headed ogre!
The two-headed ogre is lightly wounded.
You hit the two-headed ogre but do no damage.
You punch the two-headed ogre, but do no damage.
The two-headed ogre is lightly wounded.
The two-headed ogre hits you with a +1 dire flail of protection!
The two-headed ogre hits you but does no damage.
You slash the two-headed ogre!
The two-headed ogre is moderately wounded.
You hit the two-headed ogre but do no damage.
The two-headed ogre is moderately wounded.
The two-headed ogre hits you but does no damage.
The two-headed ogre hits you with a +0 giant spiked club!
You hit the two-headed ogre.
The two-headed ogre is heavily wounded.
The two-headed ogre hits you with a +1 dire flail of protection.
The two-headed ogre closely misses you.
You hit the two-headed ogre.
The two-headed ogre is heavily wounded.
You hit the two-headed ogre.
The two-headed ogre is heavily wounded.
The two-headed ogre hits you with a +1 dire flail of protection!
The two-headed ogre hits you with a +0 giant spiked club!!
9621 ||| READING scroll of teleportation.
As you read the scroll of teleportation, it crumbles to dust.
You feel strangely unstable.
The two-headed ogre hits you with a +1 dire flail of protection!
You die...

### ###### ..#####
##############....### ......#
#............#......### ...##.#
#.#####..........)....# .#..#.#
##.## ##.####.##.)\).#?#
....#.####...###.....#.....).....
#.#.#.##..........##.####..=..###
#........#...###)..........####
.!............##@###.############
###.#.#.......>O..##............#
###<#.#.......##...############.#
.##...#..#[...O.....###########.#
....###..##..#.#...#.............
.##.###..##..##.#.#.###########..
#............###.#.## ###
#.#.###..##.## #..## #
....###..#...###.## #


You could see a two-headed ogre.

Vanquished Creatures
  A gargoyle (D:7)
  An unseen horror (D:7)
  Grinder (D:6)
  3 yaks (D:8)
  2 steam dragons
  A water moccasin (D:5)
  2 orc warriors (D:7)
  2 ice beasts (D:8)
  2 sky beasts
  A centaur (D:8)
  3 kobold brigands
  7 bullfrogs
  A scorpion (D:4)
  6 wights
  4 killer bees (D:8)
  A howler monkey (D:5)
  3 jellies
  5 hounds
  2 orc priests
  3 iguanas
  4 orc wizards
  22 gnolls (D:5)
  11 adders
  2 white imps
  An ufetubus (D:7)
  3 worms
  2 dart slugs
  36 orcs
  6 bats
  6 endoplasms
  3 giant cockroaches
  7 goblins
  9 hobgoblins
  15 jackals
  15 kobolds
  4 quokkas
  7 ball pythons
  A frilled lizard (D:1)
  5 rats
210 creatures vanquished.

Notes
Turn   | Place    | Note
-------+----------+-------------------------------------------
     0 | D:1      | qw the Gargoyle Cinder Acolyte began the quest for the Orb.
     0 | D:1      | Reached XP level 1. HP: 14/14 MP: 2/2
     0 | D:1      | 0 ||| qw: Version: 0.2-a-95-g206ef33
     0 | D:1      | 0 ||| qw: Game counter: 178
     0 | D:1      | 0 ||| qw: Always use a shield: true
     0 | D:1      | 0 ||| qw: God list: Okawaru
     0 | D:1      | 0 ||| qw: Allow faded altars: false
     0 | D:1      | 0 ||| qw: Do Orc after D:15 true
     0 | D:1      | 0 ||| qw: Do second Lair branch before Depths: true
     0 | D:1      | 0 ||| qw: Lair rune preference: random
     0 | D:1      | 0 ||| qw: Plans: Normal
     0 | D:1      | 0 ||| PLANNING D:1-11
   141 | D:1      | 141 ||| Stepping ~*~*~tactically~*~*~ (hiding).
   150 | D:1      | Reached skill level 3 in Axes
   192 | D:1      | Reached XP level 2. HP: 18/19 MP: 3/3
   854 | D:1      | 854 ||| UPGRADING to +0 leather armour.
   864 | D:1      | 864 ||| DROPPING +0 robe.
   865 | D:1      | 865 ||| READING scroll labelled GACWAFAGAAPH.
   870 | D:1      | 870 ||| READING scroll labelled NYCOPA YMAFASI.
   871 | D:1      | 871 ||| READING scroll labelled MOETUY OQITITTEDD.
   872 | D:1      | 872 ||| READING scroll labelled KIOFOIZXUE.
   873 | D:1      | 873 ||| DRINKING 2 fizzy ruby potions.
   978 | D:1      | 978 ||| DROPPING potion of berserk rage.
  1206 | D:2      | Reached XP level 3. HP: 23/23 MP: 4/4
  1211 | D:2      | 1211 ||| Stepping ~*~*~tactically~*~*~ (stealth).
  1248 | D:2      | 1248 ||| Stepping ~*~*~tactically~*~*~ (stealth).
  1255 | D:2      | Reached skill level 4 in Axes
  1552 | D:2      | Reached XP level 4. HP: 28/28 MP: 5/5
  1739 | D:2      | 1739 ||| UPGRADING to +0 scale mail.
  1749 | D:2      | 1749 ||| DROPPING +0 leather armour.
  1750 | D:2      | 1750 ||| UPGRADING to amulet of the acrobat.
  1755 | D:2      | 1755 ||| READING scroll labelled SILEWI QYTWIPH.
  1771 | D:2      | 1771 ||| READING scroll labelled POCHOD UR ZIENT.
  1798 | D:3      | 1798 ||| Stepping ~*~*~tactically~*~*~ (stealth).
  1893 | D:3      | 1893 ||| DROPPING +0 club.
  2024 | D:3      | Reached skill level 1 in Armour
  2247 | D:3      | 2247 ||| Stepping ~*~*~tactically~*~*~ (hiding).
  2486 | D:3      | 2486 ||| UPGRADING to +1 pair of gloves of dexterity.
  2491 | D:3      | 2491 ||| UPGRADING to +0 chain mail.
  2501 | D:3      | 2501 ||| DROPPING +0 scale mail.
  2502 | D:3      | 2502 ||| UPGRADING to ring of willpower.
  2503 | D:3      | 2503 ||| UPGRADING to ring of see invisible.
  2532 | D:4      | 2532 ||| SWAPPING to +0 war axe.
  2533 | D:4      | 2533 ||| DROPPING +0 hand axe.
  2534 | D:4      | 2534 ||| DROPPING -1 hand axe of chaos.
  2663 | D:4      | Found a staircase to the Ecumenical Temple.
  2675 | D:4      | Reached XP level 5. HP: 21/32 MP: 6/6
  2763 | D:4      | 2763 ||| Stepping ~*~*~tactically~*~*~ (hiding).
  2886 | D:4      | Found a snail-covered altar of Cheibriados.
  2887 | D:4      | 2887 ||| DRINKING 2 black potions.
  2888 | D:4      | 2888 ||| DROPPING potion of brilliance.
  2975 | D:4      | Found Cigyta Ciky's Magic Scroll Shoppe.
  2978 | D:4      | 2978 ||| BUYING scroll of enchant armour (105 gold).
  2978 | D:4      | Bought a scroll of enchant armour for 105 gold pieces
  2978 | D:4      | 2978 ||| BUYING scroll of teleportation (42 gold).
  2978 | D:4      | Bought a scroll of teleportation for 42 gold pieces
  2978 | D:4      | 2978 ||| SHOPLISTING scroll of teleportation (42 gold, have
                  | 38).
  2978 | D:4      | 2978 ||| READING scroll of enchant armour.
  2978 | D:4      | 2978 ||| ENCHANTING +1 pair of gloves of dexterity.
  3058 | D:4      | Reached skill level 5 in Axes
  3141 | D:4      | 3141 ||| Stepping ~*~*~tactically~*~*~ (stealth).
  3142 | D:4      | 3142 ||| Stepping ~*~*~tactically~*~*~ (stealth).
  3144 | D:4      | 3144 ||| Stepping ~*~*~tactically~*~*~ (hiding).
  3145 | D:4      | 3145 ||| Stepping ~*~*~tactically~*~*~ (hiding).
  3152 | D:4      | 3152 ||| INVOKING Fiery Armour.
  3302 | D:4      | Reached XP level 6. HP: 38/38 MP: 7/7
  3350 | D:4      | 3350 ||| Stepping ~*~*~tactically~*~*~ (stealth).
  3392 | D:4      | 3392 ||| Stepping ~*~*~tactically~*~*~ (stealth).
  3507 | D:4      | 3507 ||| READING scroll labelled AVEMEX KAEFIFO.
  3561 | D:5      | Entered Level 5 of the Dungeon
  3647 | D:5      | 3647 ||| INVOKING Fiery Armour.
  3657 | D:5      | Reached skill level 6 in Axes
  3657 | D:5      | Reached XP level 7. HP: 19/43 MP: 8/8
  3681 | D:5      | 3681 ||| Stepping ~*~*~tactically~*~*~ (stealth).
  3682 | D:5      | 3682 ||| Stepping ~*~*~tactically~*~*~ (stealth).
  3717 | D:5      | 3717 ||| Stepping ~*~*~tactically~*~*~ (stealth).
  3722 | D:5      | 3722 ||| Stepping ~*~*~tactically~*~*~ (stealth).
  3789 | D:5      | Reached skill level 3 in Armour
  3826 | D:5      | 3826 ||| UPGRADING to ring of protection from fire.
  3848 | D:5      | 3848 ||| INVOKING Fiery Armour.
  3854 | D:5      | HP: 7/43 [gnoll/+0 spear (6)]
  3855 | D:5      | 3855 ||| READING 2 scrolls of teleportation.
  3856 | D:5      | HP: 2/43 [gnoll/+0 spear (3)]
  4074 | D:5      | 4074 ||| SWAPPING to +0 broad axe.
  4075 | D:5      | 4075 ||| DROPPING +0 war axe.
  4226 | D:5      | Reached skill level 7 in Axes
  4298 | D:5      | 4298 ||| Stepping ~*~*~tactically~*~*~ (stealth).
  4674 | D:5      | Reached skill level 1 in Dodging
  4698 | D:5      | Reached XP level 8. HP: 49/49 MP: 9/9
  4708 | D:5      | Reached skill level 1 in Throwing
  5164 | D:5      | 5164 ||| Stepping ~*~*~tactically~*~*~ (stealth).
  5166 | D:5      | 5166 ||| Stepping ~*~*~tactically~*~*~ (stealth).
  5167 | D:5      | 5167 ||| Stepping ~*~*~tactically~*~*~ (stealth).
  5169 | D:5      | 5169 ||| Stepping ~*~*~tactically~*~*~ (hiding).
  5170 | D:5      | 5170 ||| Stepping ~*~*~tactically~*~*~ (hiding).
  5606 | D:5      | 5606 ||| Stepping ~*~*~tactically~*~*~ (stealth).
  5607 | D:5      | 5607 ||| READING scroll labelled CAMETE VIOLUMN.
  5608 | D:5      | 5608 ||| READING 2 scrolls labelled LAENNA LOSTRAU.
  5610 | D:5      | 5610 ||| DRINKING 2 sedimented purple potions.
  5611 | D:5      | 5611 ||| DRINKING 2 metallic sapphire potions.
  5612 | D:5      | 5612 ||| READING 4 scrolls of identify.
  5612 | D:5      | 5612 ||| IDENTIFYING metallic cyan potion
  5613 | D:5      | 5613 ||| READING 3 scrolls of identify.
  5613 | D:5      | 5613 ||| IDENTIFYING silvery potion
  5614 | D:5      | 5614 ||| READING 2 scrolls of identify.
  5614 | D:5      | 5614 ||| IDENTIFYING murky purple potion
  5615 | D:5      | 5615 ||| DROPPING potion of magic.
  5616 | D:5      | 5616 ||| DROPPING potion of flight.
  5617 | D:5      | 5617 ||| DROPPING scroll of fog.
  5670 | D:5      | 5670 ||| Stepping ~*~*~tactically~*~*~ (hiding).
  5961 | D:6      | Found a glowing silver altar of Zin.
  5996 | D:6      | Found a stormy altar of Qazlal.
  6026 | D:6      | Reached skill level 8 in Axes
  6350 | D:6      | Reached skill level 6 in Fighting
  6409 | D:6      | Found an iron altar of Okawaru.
  6409 | D:6      | Found a bloodstained altar of Trog.
  6410 | D:6      | Found a hazy altar of Hepliaklqana.
  6446 | D:6      | Noticed Grinder
  6470 | D:6      | Killed Grinder
  6471 | D:6      | Reached XP level 9. HP: 36/56 MP: 10/10
  6865 | D:6      | 6865 ||| DROPPING ring of flight.
  6866 | D:6      | 6866 ||| READING scroll labelled YSHUIH XENESO.
  6867 | D:6      | 6867 ||| READING scroll labelled IDAUNA TAQAIS.
  6868 | D:6      | 6868 ||| DRINKING 2 sapphire potions.
  6869 | D:6      | 6869 ||| READING 4 scrolls of identify.
  6869 | D:6      | 6869 ||| IDENTIFYING grey potion
  6870 | D:6      | 6870 ||| READING 3 scrolls of identify.
  6870 | D:6      | 6870 ||| IDENTIFYING cyan potion
  6871 | D:6      | 6871 ||| READING 2 scrolls of identify.
  6871 | D:6      | 6871 ||| IDENTIFYING murky cyan potion
  6872 | D:6      | 6872 ||| DROPPING potion of attraction.
  6873 | D:6      | 6873 ||| DROPPING potion of lignification.
  7057 | D:7      | Noticed an unseen horror
  7065 | D:7      | Killed an unseen horror
  7066 | D:7      | Reached skill level 9 in Axes
  7162 | D:7      | Noticed a gargoyle
  7163 | D:7      | 7163 ||| Stepping ~*~*~tactically~*~*~ (hiding).
  7178 | D:7      | Killed a gargoyle
  7267 | D:7      | Found Vuexe's Magic Scroll Shop.
  7270 | D:7      | 7270 ||| BUYING 3 scrolls of teleportation (126 gold).
  7270 | D:7      | Bought 3 scrolls of teleportation for 126 gold pieces
  7270 | D:7      | 7270 ||| SHOPLISTING scroll of acquirement (728 gold, have
                  | 41).
  7270 | D:7      | 7270 ||| SHOPLISTING scroll of brand weapon (133 gold, have
                  | 41).
  7270 | D:7      | 7270 ||| BUYING scroll of identify (28 gold).
  7270 | D:7      | Bought a scroll of identify for 28 gold pieces
  7270 | D:7      | 7270 ||| SHOPLISTING scroll of identify (28 gold, have 13).
  7270 | D:7      | 7270 ||| SHOPLISTING scroll of teleportation (42 gold, have
                  | 13).
  7281 | D:7      | Found Moess's Antique Armour Shoppe.
  7282 | D:7      | 7282 ||| Stepping ~*~*~tactically~*~*~ (hiding).
  7289 | D:7      | 7289 ||| INVOKING Fiery Armour.
  7295 | D:7      | HP: 12/58 [orc warrior/+2 glaive of protection (14)]
  7296 | D:7      | 7296 ||| READING 5 scrolls of teleportation.
  7297 | D:7      | 7297 ||| DRINKING 3 potions of heal wounds.
  7300 | D:7      | HP: 13/58 [sky beast (2)]
  7301 | D:7      | 7301 ||| READING 4 scrolls of teleportation.
  7302 | D:7      | 7302 ||| DRINKING 2 potions of heal wounds.
  7401 | D:7      | 7401 ||| Stepping ~*~*~tactically~*~*~ (stealth).
  7528 | D:7      | 7528 ||| SHOPLISTING buckler (153 gold, have 30).
  7528 | D:7      | 7528 ||| SHOPLISTING helmet (153 gold, have 30).
  7528 | D:7      | 7528 ||| SHOPLISTING slimy plate armour (952 gold, have
                  | 30).
  7553 | D:7      | 7553 ||| Stepping ~*~*~tactically~*~*~ (hiding).
  7557 | D:7      | 7557 ||| INVOKING Fiery Armour.
  7587 | D:7      | Reached skill level 10 in Axes
  7719 | D:7      | 7719 ||| DROPPING +0 morningstar.
  7727 | D:7      | 7727 ||| UPGRADING to +0 plate armour of cold resistance.
  7737 | D:7      | 7737 ||| DROPPING +0 chain mail.
  7738 | D:7      | 7738 ||| DROPPING amulet of magic regeneration.
  7814 | D:7      | Found Seatsur's Weapon Shoppe.
  7891 | D:7      | Found Daobbem's Antique Armour Emporium.
  7894 | D:7      | 7894 ||| SHOPLISTING pair of boots (94 gold, have 46).
  7894 | D:7      | 7894 ||| SHOPLISTING pair of runed boots (157 gold, have
                  | 46).
  7894 | D:7      | 7894 ||| SHOPLISTING shiny chain mail (157 gold, have 46).
  7969 | D:7      | Found Nairgh's General Store.
  7975 | D:7      | 7975 ||| SHOPLISTING potion of haste (150 gold, have 46).
  7975 | D:7      | 7975 ||| BUYING scroll of teleportation (45 gold).
  7975 | D:7      | Bought a scroll of teleportation for 45 gold pieces
  8105 | D:7      | Noticed a cyclops
  8105 | D:7      | Noticed a cyan ugly thing
  8300 | D:7      | 8300 ||| DRINKING 2 green potions.
  8301 | D:7      | 8301 ||| DRINKING 3 potions of curing.
  8301 | D:7      | 8301 ||| (to cure confusion)
  8302 | D:7      | 8302 ||| DROPPING potion of ambrosia.
  8318 | D:8      | Found a staircase to the Lair.
  8346 | D:8      | Reached XP level 10. HP: 64/64 MP: 11/11
  8433 | D:8      | Reached skill level 6 in Armour
  8552 | D:8      | 8552 ||| Stepping ~*~*~tactically~*~*~ (stealth).
  8553 | D:8      | 8553 ||| Stepping ~*~*~tactically~*~*~ (stealth).
  8554 | D:8      | 8554 ||| Stepping ~*~*~tactically~*~*~ (stealth).
  8555 | D:8      | 8555 ||| Stepping ~*~*~tactically~*~*~ (stealth).
  8571 | D:8      | 8571 ||| INVOKING Fiery Armour.
  8573 | D:8      | HP: 14/64 [yak (4)]
  8574 | D:8      | 8574 ||| READING 5 scrolls of teleportation.
  8575 | D:8      | 8575 ||| DRINKING potion of heal wounds.
  8780 | D:8      | Found a flagged portal.
  8801 | D:8      | Noticed a two-headed ogre
  8811 | D:8      | HP: 11/64 [two-headed ogre/+1 dire flail of protection
                  | (16)]
  8812 | D:8      | 8812 ||| READING 4 scrolls of teleportation.
  8813 | D:8      | 8813 ||| INVOKING Fiery Armour.
  8962 | D:8      | 8962 ||| INVOKING Fiery Armour.
  8964 | D:8      | HP: 12/64 [two-headed ogre/+1 dire flail of protection
                  | (15)]
  8965 | D:8      | 8965 ||| READING 3 scrolls of teleportation.
  9159 | D:8      | 9159 ||| Stepping ~*~*~tactically~*~*~ (hiding).
  9161 | D:8      | 9161 ||| Stepping ~*~*~tactically~*~*~ (hiding).
  9371 | D:8      | 9371 ||| Stepping ~*~*~tactically~*~*~ (stealth).
  9379 | D:8      | 9379 ||| INVOKING Fiery Armour.
  9380 | D:8      | HP: 16/64 [two-headed ogre/+1 dire flail of protection (6)]
  9381 | D:8      | 9381 ||| READING 2 scrolls of teleportation.
  9382 | D:8      | HP: 6/64 [two-headed ogre/+1 dire flail of protection (11)]
  9610 | D:8      | 9610 ||| Stepping ~*~*~tactically~*~*~ (stealth).
  9620 | D:8      | HP: 6/64 [two-headed ogre/+1 dire flail of protection (20)]
  9621 | D:8      | 9621 ||| READING scroll of teleportation.
  9621 | D:8      | Slain by a two-headed ogre

Levels and vault maps discovered:
D:1:      dpeg_chamrin_arrival_tetris, layout_basic
D:2:      minmay_skewed_foursquare, layout_basic
D:3:      layout_basic
D:4:      layout_basic, cheibrodos_worm_habitat,
          minmay_temple_entry_stoned_glass, serial_shops, kennysheep_mini,
          kennysheep_diamond
D:5:      lemuel_castle_with_subvaults [lemuel_castle_interior_carwin_3],
          layout_basic, due_unseen_surprise
D:6:      layout_cave_pods, grunt_qazlal_clouds,
          mainiacjoe_overflow_tiny_flanked, nicolae_overflow_hidden_temple,
          uniq_grinder
D:7:      layout_basic, serial_shops, shop, nicolae_shop_pleasant_corner_grove,
          nicolae_shop_rolling_square, nicolae_shop_tiny_statue_garden, shop,
          lightli_corner_chamber
D:8:      layout_loops_ring, lair_entry_dummy, enter_bailey_2,
          minmay_stone_trees_small

Skill      XL: |  1  2  3  4  5  6  7  8  9 10 |
---------------+-------------------------------+-----
Axes           | 3 4 5 6 7 8 10 | 10.9
Armour         | 2 3 4 5 6 |  6.2
Fighting       | 4 5 6 7 8 |  8.1
Dodging        | 1 |  1.0
Throwing       | 1 |  1.7
Spellcasting   | |  1.0
Fire Magic     | |  3.0

Action                     |  1- 3 |  4- 6 |  7- 9 | 10-12 || total
---------------------------+-------+-------+-------+-------++-------
  Melee: Hand axe          |   102 |    52 |       |       ||   154
         Punch             |     2 |     2 |     4 |     2 ||    10
         War axe           |       |    93 |    57 |       ||   150
         Broad axe         |       |       |   322 |   100 ||   422
  Throw: Boomerang         |    44 |    44 |   114 |    14 ||   216
 Invoke: Fiery Armour      |       |     2 |     3 |     4 ||     9
    Use: Scroll            |     4 |     4 |    13 |     5 ||    26
         Potion            |     1 |     1 |     7 |     1 ||    10
 Armour: Robe              |     9 |       |       |       ||     9
         Leather armour    |    22 |     6 |       |       ||    28
         Scale mail        |       |    13 |       |       ||    13
         Chain mail        |       |    57 |   264 |       ||   321
         Plate armour      |       |       |    11 |    79 ||    90
  Dodge: Dodged            |    53 |    74 |   187 |    54 ||   368

Table legend:
 A = Non-vault XP
 B = Vault XP
 C = Vault XP percentage of total XP
 D = Non-vault monster count
 E = Vault monster count
 F = Vault count percentage of total count
                 A         B        C        D         E       F
            +---------+---------+-------+---------+---------+-------
      Total |    5292 |    1029 |  16.3 |     149 |      61 |  29.0
            +---------+---------+-------+---------+---------+-------
        D:1 |      24 |       0 |   0.0 |      12 |       0 |   0.0
        D:2 |      51 |      10 |  16.4 |      20 |       5 |  20.0
        D:3 |      27 |       0 |   0.0 |      15 |       0 |   0.0
        D:4 |     295 |      88 |  23.0 |      23 |       3 |  11.5
        D:5 |     420 |     650 |  60.7 |      18 |      52 |  74.3
        D:6 |     546 |     281 |  34.0 |       7 |       1 |  12.5
        D:7 |    2081 |       0 |   0.0 |      34 |       0 |   0.0
        D:8 |    1848 |       0 |   0.0 |      20 |       0 |   0.0
            +---------+---------+-------+---------+---------+-------
